SA
DELAWARE 1787 BC @ NIAGARA FALLS EXPOS
06/25/2042
 
TOP OF THE 1ST
Delaware 1787 BC batting - Pitching for Niagara Falls Expos : RHP Kyle Greene
Pitching: RHP Kyle Greene
Batting: LHB Steve Wheeler 0-0: Fly out, F7 (Flyball, 7LM, EV 98.1 MPH)
Batting: LHB Luis Concepción 0-0: Called Strike
0-1: Foul Ball, location: 2F
0-2: Strikes out looking
Batting: RHB Mhelter Tejano 0-0: SINGLE (Groundball, 6MD, EV 97.5 MPH)
Batting: RHB Eduardo Lucciardi 0-0: Ball
Mhelter Tejano steals 2nd base
1-0: Foul Ball, location: 2F
1-1: Foul Ball, location: 2F
1-2: Foul Ball, location: 2F
1-2: Fly out, F3 (Popup, 3S, EV 77.5 MPH)
Top of the 1st over - 0 runs, 1 hit, 0 errors, 1 left on base; Delaware 0 - Niagara Falls 0
BOTTOM OF THE 1ST
Niagara Falls Expos batting - Pitching for Delaware 1787 BC : RHP Foeke Reus
Pitching: RHP Foeke Reus
Batting: RHB Jim O'Neal 0-0: Called Strike
0-1: Called Strike
0-2: Strikes out swinging
Batting: RHB Arnie Birand 0-0: Foul Ball, location: 2F
0-1: Ball
1-1: Called Strike
1-2: Ball
2-2: Foul Ball, location: 2F
2-2: Foul Ball, location: 2F
2-2: Strikes out swinging
Batting: RHB Caleb Kennedy 0-0: Ball
1-0: Swinging Strike
1-1: Fly out, F7 (Line Drive, 7, EV 99.4 MPH)
Bottom of the 1st over - 0 runs, 0 hits, 0 errors, 0 left on base; Delaware 0 - Niagara Falls 0
TOP OF THE 2ND
Delaware 1787 BC batting - Pitching for Niagara Falls Expos : RHP Kyle Greene
Batting: LHB Chandler Schroeder 0-0: Ball
1-0: Called Strike
1-1: SOLO HOME RUN (Flyball, 8RXD, EV 108.1 MPH), Distance : 472 ft
Batting: RHB Justin Schock 0-0: Called Strike
0-1: SINGLE (Line Drive, 89M, EV 101.9 MPH)
Batting: RHB Ryan Dodson 0-0: Called Strike
0-1: Ball
1-1: TRIPLE (Flyball, 9D, EV 91.9 MPH)
Justin Schock scores
Batting: RHB Brian Thomas 0-0: Ball
1-0: SINGLE (Flyball, 9LM, EV 101.9 MPH)
Ryan Dodson scores
Batting: RHB Julián Zambrano 0-0: Ball
1-0: Ball
2-0: Fly out, F3 (Popup, 3S, EV 75.0 MPH)
Batting: LHB Steve Wheeler 0-0: Ball
1-0: Ball
2-0: Called Strike
2-1: Swinging Strike
2-2: Strikes out swinging
Batting: LHB Luis Concepción 0-0: Ball
1-0: Ball
2-0: Foul Ball, location: 2F
2-1: Foul Ball, location: 2F
2-2: Ball
3-2: Strikes out swinging
Top of the 2nd over - 3 runs, 4 hits, 0 errors, 1 left on base; Delaware 3 - Niagara Falls 0
BOTTOM OF THE 2ND
Niagara Falls Expos batting - Pitching for Delaware 1787 BC : RHP Foeke Reus
Batting: RHB Jeremy Watson 0-0: Called Strike
0-1: Ball
1-1: Swinging Strike
1-2: Strikes out looking
Batting: LHB Dave Young 0-0: Called Strike
0-1: Ball
1-1: Called Strike
1-2: Ball
2-2: Strikes out swinging
Batting: RHB Jesús Odilia 0-0: Foul Ball, location: 2F
0-1: Ball
1-1: Foul Ball, location: 2F
1-2: Ball
2-2: Foul Ball, location: 2F
2-2: Strikes out swinging
Bottom of the 2nd over - 0 runs, 0 hits, 0 errors, 0 left on base; Delaware 3 - Niagara Falls 0
TOP OF THE 3RD
Delaware 1787 BC batting - Pitching for Niagara Falls Expos : RHP Kyle Greene
Batting: RHB Mhelter Tejano 0-0: Called Strike
0-1: Fly out, F7 (Line Drive, 7, EV 96.9 MPH)
Batting: RHB Eduardo Lucciardi 0-0: Called Strike
0-1: Ball
1-1: Foul Ball, location: 2F
1-2: Hit by Pitch
Batting: LHB Chandler Schroeder 0-0: Ball
1-0: Fly out, F7 (Flyball, 7, EV 85.6 MPH)
Batting: RHB Justin Schock 0-0: Ground out U3 (Groundball, 3S, EV 65.6 MPH)
Top of the 3rd over - 0 runs, 0 hits, 0 errors, 1 left on base; Delaware 3 - Niagara Falls 0
BOTTOM OF THE 3RD
Niagara Falls Expos batting - Pitching for Delaware 1787 BC : RHP Foeke Reus
Batting: RHB Michael Hudson 0-0: Swinging Strike
0-1: Ball
1-1: SINGLE (Line Drive, 89M, EV 85.0 MPH)
Batting: RHB Vsevolod Bagdasaroff 0-0: Fielders Choice at 2nd, 3-6 (Groundball, 3, EV 88.8 MPH)
Batting: LHB Allen Harding 0-0: Called Strike
0-1: Ball
1-1: Fly out, F4 (Popup, 4MD, EV 55.6 MPH)
Batting: RHB Jim O'Neal 0-0: Foul Ball, location: 2F
0-1: Ball
1-1: Foul Ball, location: 2F
1-2: Strikes out swinging
Bottom of the 3rd over - 0 runs, 1 hit, 0 errors, 1 left on base; Delaware 3 - Niagara Falls 0
TOP OF THE 4TH
Delaware 1787 BC batting - Pitching for Niagara Falls Expos : RHP Kyle Greene
Batting: RHB Ryan Dodson 0-0: Ball
1-0: Ball
2-0: Foul Ball, location: 2F
2-1: Ball
3-1: Base on Balls
Batting: RHB Brian Thomas 0-0: Called Strike
0-1: Foul Ball, location: 2F
0-2: Strikes out swinging
Batting: RHB Julián Zambrano 0-0: Ball
1-0: Ball
2-0: Foul Ball, location: 2F
2-1: Swinging Strike
2-2: Strikes out swinging
Batting: LHB Steve Wheeler 0-0: Fielders Choice at 2nd, 6-4 (Groundball, 6, EV 95.0 MPH)
Top of the 4th over - 0 runs, 0 hits, 0 errors, 1 left on base; Delaware 3 - Niagara Falls 0
BOTTOM OF THE 4TH
Niagara Falls Expos batting - Pitching for Delaware 1787 BC : RHP Foeke Reus
Batting: RHB Arnie Birand 0-0: Ground out 5-3 (Groundball, 56S, EV 81.9 MPH)
Batting: RHB Caleb Kennedy 0-0: Swinging Strike
0-1: Foul Ball, location: 2F
0-2: Foul Ball, location: 2F
0-2: Ball
1-2: Ground out U3 (Groundball, 3, EV 106.9 MPH)
Batting: RHB Jeremy Watson 0-0: Called Strike
0-1: Called Strike
0-2: Strikes out swinging
Bottom of the 4th over - 0 runs, 0 hits, 0 errors, 0 left on base; Delaware 3 - Niagara Falls 0
TOP OF THE 5TH
Delaware 1787 BC batting - Pitching for Niagara Falls Expos : RHP Kyle Greene
Batting: LHB Luis Concepción 0-0: SINGLE (Line Drive, 9S, EV 91.2 MPH)
Batting: RHB Mhelter Tejano 0-0: Called Strike
0-1: Reached on error, E5 (Groundball, 5, EV 86.9 MPH)
Luis Concepción to second
Batting: RHB Eduardo Lucciardi 0-0: Swinging Strike
0-1: Called Strike
0-2: Ball
1-2: Strikes out looking
Batting: LHB Chandler Schroeder 0-0: Foul Ball, location: 2F
0-1: Ball
1-1: Swinging Strike
1-2: Foul Ball, location: 2F
1-2: Ball
2-2: Fielders Choice at 2nd, 5-4 (Groundball, 56S, EV 90.6 MPH)
Luis Concepción to third
Batting: RHB Justin Schock 0-0: Swinging Strike
0-1: Ball
1-1: Foul Ball, location: 2F
1-2: Ball
2-2: Foul Ball, location: 2F
2-2: Strikes out swinging
Top of the 5th over - 0 runs, 1 hit, 1 error, 2 left on base; Delaware 3 - Niagara Falls 0
BOTTOM OF THE 5TH
Niagara Falls Expos batting - Pitching for Delaware 1787 BC : RHP Foeke Reus
Batting: LHB Dave Young 0-0: Ball
1-0: Fly out, F8 (Flyball, 8LD, EV 89.4 MPH)
Batting: RHB Jesús Odilia 0-0: SINGLE (Line Drive, 4MD, EV 94.4 MPH)
Batting: RHB Michael Hudson 0-0: Called Strike
0-1: Called Strike
0-2: Ball
1-2: Ball
2-2: Foul Ball, location: 2F
2-2: Strikes out looking
Batting: RHB Vsevolod Bagdasaroff 0-0: SINGLE (Line Drive, 56, EV 105.6 MPH)
Jesús Odilia to second
Batting: LHB Allen Harding 0-0: Called Strike
0-1: Foul Ball, location: 2F
0-2: Hit by Pitch
Jesús Odilia to third
Vsevolod Bagdasaroff to second
Batting: RHB Jim O'Neal 0-0: Foul Ball, location: 2F
0-1: Fly out, F8 (Line Drive, 8LD, EV 90.0 MPH)
Bottom of the 5th over - 0 runs, 2 hits, 0 errors, 3 left on base; Delaware 3 - Niagara Falls 0
TOP OF THE 6TH
Delaware 1787 BC batting - Pitching for Niagara Falls Expos : RHP Kyle Greene
Batting: RHB Ryan Dodson 0-0: SINGLE (Line Drive, 78S, EV 88.1 MPH)
Batting: RHB Brian Thomas 0-0: Called Strike
0-1: Reached on error, E3 (Groundball, 23, EV 43.8 MPH)
Ryan Dodson to third
Batting: RHB Julián Zambrano 0-0: Ball
1-0: Ground out 6-3 (Groundball, 6, EV 80.6 MPH)
Ryan Dodson scores
Batting: LHB Steve Wheeler 0-0: Foul Ball, location: 2F
0-1: Called Strike
0-2: Ball
1-2: SINGLE (Line Drive, 6MD, EV 98.8 MPH)
Brian Thomas to third
Runner from 3rd tries for Home, SAFE, no throw by CF
Batting: LHB Luis Concepción 0-0: Ball
1-0: Ball
2-0: Called Strike
2-1: Foul Ball, location: 2F
2-2: Strikes out swinging
Batting: RHB Mhelter Tejano 0-0: Foul Ball, location: 2F
0-1: DOUBLE (Line Drive, 9LM, EV 105.0 MPH)
Steve Wheeler to third
Runner from 3rd tries for Home, SAFE, throw by RF to trailing runner, SAFE at third!
Batting: RHB Eduardo Lucciardi 0-0: Ball
1-0: Foul Ball, location: 2F
1-1: SINGLE (Groundball, 6S, EV 63.1 MPH) (infield hit)
Mhelter Tejano scores
Pitching: RHP Theo Von Heezik
Batting: LHB Chandler Schroeder 0-0: Ball
1-0: Called Strike
1-1: Ball
2-1: Called Strike
2-2: Fielders Choice at 2nd, 6-4 (Groundball, 6, EV 82.5 MPH)
Top of the 6th over - 4 runs, 4 hits, 1 error, 1 left on base; Delaware 7 - Niagara Falls 0
BOTTOM OF THE 6TH
Niagara Falls Expos batting - Pitching for Delaware 1787 BC : RHP Foeke Reus
Batting: RHB Arnie Birand 0-0: Ball
1-0: Fly out, F8 (Flyball, 8RD, EV 101.9 MPH)
Batting: RHB Caleb Kennedy 0-0: Swinging Strike
0-1: Ball
1-1: Ball
2-1: Ground out 5-3 (Groundball, 56S, EV 65.0 MPH)
Batting: RHB Jeremy Watson 0-0: Ball
1-0: Ball
2-0: SINGLE (Flyball, 89M, EV 85.6 MPH)
Batting: LHB Dave Young Pickoff Throw to First - Out! 1-3
Bottom of the 6th over - 0 runs, 1 hit, 0 errors, 0 left on base; Delaware 7 - Niagara Falls 0
TOP OF THE 7TH
Delaware 1787 BC batting - Pitching for Niagara Falls Expos : RHP Theo Von Heezik
Batting: RHB Justin Schock 0-0: Ball
1-0: Called Strike
1-1: Called Strike
1-2: Strikes out swinging
Batting: RHB Ryan Dodson 0-0: Foul Ball, location: 2F
0-1: Called Strike
0-2: Strikes out looking
Batting: RHB Brian Thomas 0-0: Swinging Strike
0-1: Ball
1-1: Called Strike
1-2: Ball
2-2: Strikes out swinging
Top of the 7th over - 0 runs, 0 hits, 0 errors, 0 left on base; Delaware 7 - Niagara Falls 0
BOTTOM OF THE 7TH
Niagara Falls Expos batting - Pitching for Delaware 1787 BC : RHP Foeke Reus
Batting: LHB Dave Young 0-0: Ball
1-0: Called Strike
1-1: Foul Ball, location: 2F
1-2: Strikes out looking
Batting: RHB Jesús Odilia 0-0: SINGLE (Groundball, 3D, EV 103.1 MPH)
Batting: RHB Michael Hudson 0-0: Ball
1-0: Foul Ball, location: 2F
1-1: Ball
2-1: Ball
3-1: Foul Ball, location: 2F
3-2: Foul Ball, location: 2F
3-2: Foul Ball, location: 2F
3-2: SINGLE (Groundball, 6MD, EV 93.8 MPH)
Jesús Odilia to second
Batting: RHB Vsevolod Bagdasaroff 0-0: Called Strike
0-1: Foul Ball, location: 2F
0-2: SINGLE (Flyball, 7S, EV 93.1 MPH)
Jesús Odilia to third
Michael Hudson to second
Runner from 3rd tries for Home, SAFE, throw by LF to home
Batting: LHB Allen Harding 0-0: Ball
1-0: Foul Ball, location: 2F
1-1: Ball
2-1: Called Strike
2-2: Ball
3-2: Fly out, F4 (Flyball, 34D, EV 75.6 MPH)
Batting: RHB Jim O'Neal 0-0: Ball
1-0: Ball
2-0: Foul Ball, location: 2F
2-1: Ball
3-1: Ground out 6-3 (Groundball, 6, EV 101.9 MPH)
Bottom of the 7th over - 1 run, 3 hits, 0 errors, 2 left on base; Delaware 7 - Niagara Falls 1
TOP OF THE 8TH
Delaware 1787 BC batting - Pitching for Niagara Falls Expos : RHP Theo Von Heezik
Batting: RHB Julián Zambrano 0-0: Swinging Strike
0-1: Swinging Strike
0-2: Ball
1-2: Ball
2-2: Strikes out looking
Batting: LHB Steve Wheeler 0-0: Ball
1-0: Ground out 6-3 (Groundball, 6, EV 88.1 MPH)
Batting: LHB Luis Concepción 0-0: Swinging Strike
0-1: Ball
1-1: Foul Ball, location: 2F
1-2: Fly out, F8 (Flyball, 8LXD, EV 95.6 MPH)
Top of the 8th over - 0 runs, 0 hits, 0 errors, 0 left on base; Delaware 7 - Niagara Falls 1
BOTTOM OF THE 8TH
Niagara Falls Expos batting - Pitching for Delaware 1787 BC : RHP Foeke Reus
Batting: RHB Arnie Birand 0-0: Ball
1-0: Ball
2-0: Called Strike
2-1: Called Strike
2-2: Fly out, F7 (Flyball, 78M, EV 88.8 MPH)
Batting: RHB Caleb Kennedy 0-0: Foul Ball, location: 2F
0-1: Swinging Strike
0-2: Strikes out swinging
Batting: RHB Jeremy Watson 0-0: Ball
1-0: Foul Ball, location: 2F
1-1: Called Strike
1-2: Ball
2-2: Fly out, F7 (Line Drive, 7D, EV 98.1 MPH)
Bottom of the 8th over - 0 runs, 0 hits, 0 errors, 0 left on base; Delaware 7 - Niagara Falls 1
TOP OF THE 9TH
Delaware 1787 BC batting - Pitching for Niagara Falls Expos : RHP Theo Von Heezik
Batting: RHB Mhelter Tejano 0-0: Called Strike
0-1: Ball
1-1: Foul Ball, location: 2F
1-2: Ball
2-2: Foul Ball, location: 2F
2-2: SINGLE (Flyball, 7LM, EV 88.1 MPH)
Pitching: RHP David López
Batting: RHB Eduardo Lucciardi 0-0: Ball
1-0: Ball
2-0: Called Strike
2-1: SINGLE (Line Drive, 78M, EV 99.4 MPH)
Mhelter Tejano to second
Pinch Hitting: LHB Keith Nash 0-0: Called Strike
0-1: Swinging Strike
0-2: Foul Ball, location: 2F
0-2: Ball
1-2: Strikes out swinging
Batting: RHB Justin Schock 0-0: Called Strike
0-1: Ball
1-1: Ball
2-1: Swinging Strike
2-2: Ball
3-2: Foul Ball, location: 2F
3-2: Base on Balls
Mhelter Tejano to third
Eduardo Lucciardi to second
Batting: RHB Ryan Dodson 0-0: Called Strike
0-1: Ball
1-1: Ball
2-1: Called Strike
2-2: Foul Ball, location: 2F
2-2: Foul Ball, location: 2F
2-2: Ball
3-2: Fly out, F8 (Flyball, 78S, EV 92.5 MPH)
Runner from 3rd tags up, SCORES, throw by CF
Batting: RHB Brian Thomas 0-0: Swinging Strike
0-1: Ground out 1-3 (Groundball, 34S, EV 82.5 MPH)
Top of the 9th over - 1 run, 2 hits, 0 errors, 2 left on base; Delaware 8 - Niagara Falls 1
BOTTOM OF THE 9TH
Niagara Falls Expos batting - Pitching for Delaware 1787 BC : RHP Foeke Reus
Now in LF: Jaime López
Batting: LHB Dave Young 0-0: Ball
1-0: Fly out, F9 (Flyball, 9D, EV 96.2 MPH)
Batting: RHB Jesús Odilia 0-0: Ball
1-0: Ground out 5-3 (Groundball, 56, EV 102.5 MPH)
Batting: RHB Michael Hudson 0-0: Foul Ball, location: 2F
0-1: Called Strike
0-2: Strikes out swinging
Bottom of the 9th over - 0 runs, 0 hits, 0 errors, 0 left on base; Delaware 8 - Niagara Falls 1
Friday, March 26th, 2021 - OOTP Baseball 20.8 Build 74